 Dungeon Crawl Stone Soup version 0.26-a0-651-gb41185065b (webtiles) character file.

Game seed: 13829164045211856788

252 Irenicus the Geomancer (level 5, -2/63 HPs)
             Began as a Deep Dwarf Earth Elementalist on Oct 24, 2020.
             Slain by an ice beast (12 damage)
             ... on level 5 of the Dungeon.
             The game lasted 00:08:44 (1595 turns).

Irenicus the Geomancer (DDEE)                       Turns: 1595, Time: 00:08:45

Health: -2/63      AC:  4    Str: 12    XL:     5   Next: 89%
Magic:  1/7        EV: 12    Int: 16    God:
Gold:   252        SH:  0    Dex: 13    Spells: 4/7 levels left

rFire    . . .     SeeInvis .   s - +1 dagger (speed)
rCold    . . .     Faith    .   (no shield)
rNeg     . . .     Spirit   .   g - +0 leather armour
rPois    .         Reflect  .   (no helmet)
rElec    .         Harm     .   a - +0 cloak
rCorr    .         Rampage  .   (no gloves)
MR       .....                  (no boots)
Stlth    ..........             (no amulet)
HPRegen  0.00/turn              v - ring of attention (curse)
MPRegen  0.10/turn              (no ring)

@: berserking, non-regenerating, very quick
A: damage resistance, heal wounds, sense surroundings 1, no regeneration
a: Heal Wounds


You were on level 5 of the Dungeon.
You visited 1 branch of the dungeon, and saw 5 of its levels.

You collected 252 gold pieces.

Inventory:

Hand Weapons
 e - a +0 dagger
   (You found it on level 1 of the Dungeon)
 s - a +1 dagger of speed (weapon)
   (You found it on level 3 of the Dungeon)
Missiles
 b - 65 stones (quivered)
Armour
 a - a +0 cloak (worn)
   (You found it on level 1 of the Dungeon)
 f - a cursed +0 ring mail
   (You found it on level 1 of the Dungeon)
 g - a +0 leather armour (worn)
   (You found it on level 1 of the Dungeon)
Jewellery
 v - a cursed ring of attention (left hand)
   (You found it on level 3 of the Dungeon)
Scrolls
 h - 2 scrolls of blinking {unknown}
 j - 5 scrolls of amnesia {unknown}
 k - a scroll of magic mapping {unknown}
 l - a scroll of fog {unknown}
 o - 2 scrolls of teleportation {unknown}
 p - 2 scrolls of random uselessness {unknown}
 q - 3 scrolls of identify {unknown}
 t - a scroll of immolation {unknown}
 u - a scroll of remove curse {unknown}
Potions
 d - 5 potions of curing {unknown}
 m - 2 potions of brilliance {unknown}
 n - 2 potions of might {unknown}
 r - 2 potions of heal wounds {unknown}
 w - a potion of stabbing {unknown}


   Skills:
 - Level 2.1 Dodging
 - Level 2.4 Stealth
 - Level 1.7 Spellcasting
 - Level 0.8 Transmutations
 + Level 8.8 Earth Magic


You had 4 spell levels left.
You knew the following spells:

 Your Spells              Type           Power        Failure   Level
a - Sandblast             Erth           ####..       1%          1
w - Passwall              Tmut/Erth      ###.....     5%          2

Your spell library contained the following spells:

 Spells                   Type           Power        Failure   Level
 Stone Arrow              Conj/Erth      ###...       13%         3
 Petrify                  Tmut/Erth      ###.....     36%         4
 Lee's Rapid Deconstruct  Erth           ####......   21%         5


Dungeon Overview and Level Annotations

Branches:
Dungeon (5/15)
 Temple: D:4-7

Altars:
Fedhas
Kikubaaqudgha
Xom


Innate Abilities, Weirdness & Mutations

You are resistant to damage.
You can heal yourself by infusing magical energy.
You passively map a small area around you.
You do not regenerate.


Message History

The blast of sand hits the worker ant.
The worker ant is moderately wounded.
b - 68 stones The worker ant completely misses you.
You now have 3/7 mp.
Casting: Sandblast (safe; 1% risk of failure)
Confirm with . or Enter, or press ? or * to list all spells.
Aiming: Sandblast (safe; 1% risk of failure)
Press: ? - help, Shift-Dir - straight line, f/p - worker ant
Aim: a worker ant (moderately wounded)
The blast of sand hits the worker ant!
You kill the worker ant!
b - 67 stones You now have 2/7 mp.
Casting: Sandblast (safe; 1% risk of failure)
Confirm with . or Enter, or press ? or * to list all spells.
You don't know that spell.
You open the door.
There is an open door here.
Casting: Sandblast (safe; 1% risk of failure)
Confirm with . or Enter, or press ? or * to list all spells.
Press: ? - help, Dir - move target cursor A rock wall.
You begin to meditate on the wall.
You continue meditating on the rock. x3
You finish merging with the rock.
You now have 2/7 mp.
You now have 252 gold pieces (gained 8).
Casting: Passwall (safe; 5% risk of failure)
Confirm with . or Enter, or press ? or * to list all spells.
Press: ? - help, Dir - move target cursor A rock wall.
You begin to meditate on the wall.
You continue meditating on the rock. x2
You finish merging with the rock.
You now have 1/7 mp.
Casting: Passwall (safe; 5% risk of failure)
Confirm with . or Enter, or press ? or * to list all spells.
Okay, then.
Casting: Passwall (safe; 5% risk of failure)
Confirm with . or Enter, or press ? or * to list all spells.
Press: ? - help, Dir - move target cursor A rock wall.
You begin to meditate on the wall.
You continue meditating on the rock. x2
You finish merging with the rock.
You now have 0/7 mp.
You climb downwards.
You hear the hiss of flowing sand.
There is an entrance to an ossuary on this level.
Hurry and find it before the portal is buried!
There is a stone staircase leading up here.
A quokka zombie comes into view.
The quokka zombie barely misses you.
Casting: Passwall (safe; 5% risk of failure)
Confirm with . or Enter, or press ? or * to list all spells.
Aiming: Sandblast (safe; 1% risk of failure)
Press: ? - help, Shift-Dir - straight line, f - quokka zombie
Aim: a quokka zombie The blast of sand hits the quokka zombie!!
You destroy the quokka zombie!
b - 66 stones You now have 0/7 mp.
Casting: Sandblast (safe; 1% risk of failure)
Confirm with . or Enter, or press ? or * to list all spells.
You don't know that spell.
An ice beast comes into view.
An adder skeleton comes into view.
You see here 13 gold pieces.
Casting: Sandblast (safe; 1% risk of failure)
Confirm with . or Enter, or press ? or * to list all spells.
Aiming: Sandblast (safe; 1% risk of failure)
Press: ? - help, Shift-Dir - straight line, f - ice beast
Aim: an ice beast The blast of sand hits the ice beast.
The ice beast is moderately wounded.
b - 65 stones You now have 0/7 mp.
Casting: Sandblast (safe; 1% risk of failure)
Confirm with . or Enter, or press ? or * to list all spells.
You don't have enough magic to cast that spell.
Unknown command.
It was a potion of berserk rage.
A red film seems to cover your vision as you go berserk!
You feel yourself moving faster!
You feel mighty! The ice beast closely misses you.
You now have 20/63 hp.
You completely miss the ice beast.
The ice beast is moderately wounded.
The ice beast hits you but does no damage.
You hit the ice beast.
The ice beast is heavily wounded.
You hit the ice beast.
The ice beast is severely wounded.
The ice beast hits you. The ice beast freezes you!
* * * LOW HITPOINT WARNING * * *
You take 10 damage, and have 10/63 hp.
You barely miss the ice beast.
The ice beast is severely wounded.
The adder skeleton barely misses you.
You closely miss the ice beast.
The ice beast is severely wounded.
The ice beast hits you. The ice beast freezes you!
You die...

.8.8.8..........##
.................# .
,..#..............## ,
*..,.....$........#...#
, , ,
....................####
, .... ,
,#........##...#. ,
#.... ##$....#..#......
......##Y.....#..###....
#......@Z.#.#....###....
#........##..#....#.....
##...###.....#..........
### ##..#.........##.
,#..#....###.#### ,,,
... ..# ## # * .... ,
.... *


You could see an ice beast and an adder skeleton.

Vanquished Creatures
  A scorpion (D:4)
  A centaur skeleton (D:4)
  2 worker ants (D:4)
  4 adders (D:3)
  2 oozes
  2 worms (D:2)
  2 dart slugs
  3 leopard geckos
  An orc (D:4)
  10 bats
  A giant cockroach (D:2)
  11 goblins
  11 hobgoblins
  9 kobolds
  4 frilled lizards
  A quokka zombie (D:5)
  9 rats
74 creatures vanquished.

Notes
Turn   | Place    | Note
-------+----------+-------------------------------------------
     0 | D:1      | Irenicus the Deep Dwarf Earth Elementalist began the quest
                  | for the Orb.
     0 | D:1      | Reached XP level 1. HP: 15/15 MP: 3/3
   110 | D:1      | Reached XP level 2. HP: 22/22 MP: 0/4
   144 | D:1      | Reached skill level 5 in Earth Magic
   308 | D:1      | Reached XP level 3. HP: 25/28 MP: 5/5
   459 | D:1      | Learned a level 2 spell: Passwall
   565 | D:2      | Reached skill level 6 in Earth Magic
   700 | D:2      | Found a blossoming altar of Fedhas.
   702 | D:2      | Found an ancient bone altar of Kikubaaqudgha.
   852 | D:2      | Reached XP level 4. HP: 27/36 MP: 4/6
   968 | D:3      | Reached skill level 7 in Earth Magic
  1192 | D:4      | Reached XP level 5. HP: 21/42 MP: 4/7
  1284 | D:4      | Reached skill level 8 in Earth Magic
  1299 | D:4      | Found a shimmering altar of Xom.
  1566 | D:5      | Entered Level 5 of the Dungeon
  1578 | D:5      | Noticed an ice beast
  1593 | D:5      | HP: 10/63 [ice beast (9)]
  1595 | D:5      | Slain by an ice beast

Illustrated notes

Levels and vault maps discovered:
D:1:      minmay_arrival_plants_in_alcoves, layout_loops_cross,
          minmay_pentomino_w4
D:2:      layout_basic, grunt_temple_overflow_growth_and_decay
D:3:      layout_rooms, serial_glass, glass_columns_a, glass_columns_a
D:4:      layout_gridville, lemuel_crystal_altar
D:5:      layout_cave_pools, grunt_qazlal_clouds,
          eat_drink_and_be_merry_uskayaw, enter_ossuary_5, serial_shops,
          kennysheep_mini_moat, small_statue_intersection

Skill      XL: |  1  2  3  4  5 |
---------------+----------------+-----
Earth Magic    | 5 6 7 8 |  8.8
Dodging        | |  2.1
Stealth        | |  2.4
Spellcasting   | |  1.7
Transmutations | |  0.8

Action                   |  1- 3 |  4- 6 || total
-------------------------+-------+-------++-------
Melee: Dagger            |    71 |    48 ||   119
 Cast: Sandblast         |    46 |    39 ||    85
       Passwall          |     1 |    10 ||    11
  Use: Potion            |       |     2 ||     2
 Stab: Sleeping          |     3 |       ||     3
Armor: Robe              |    17 |       ||    17
       Leather armour    |    16 |    19 ||    35
Dodge: Dodged            |    70 |    45 ||   115

Table legend: (Time is in decaauts)
 A = Elapsed time spent in this place.
 B = Non-inter-level travel time spent in this place.
 C = Inter-level travel time spent in this place.
 D = Time resting spent in this place.
 E = Time spent auto-exploring this place.
 F = Levels seen in this place.
 G = Mean time per level.
                   A        B        C        D        E       F      G
               +--------+--------+--------+--------+--------+-----+--------+
         Total |   1560 |   1560 |      0 |      0 |      0 |   5 |  312.0 |
       Dungeon |   1560 |   1560 |      0 |      0 |      0 |   5 |  312.0 |
               +--------+--------+--------+--------+--------+-----+--------+

Top non-repeatable levels by time:
     D:1: 556 daAuts
     D:4: 371 daAuts
     D:2: 307 daAuts
     D:3: 297 daAuts
     D:5: 26 daAuts

Table legend:
 A = Kills in this place as a percentage of kills in entire the game.
 B = Kills by you in this place as a percentage of kills by you in the entire game.
 C = Kills by friends in this place as a percentage of kills by friends in the entire game.
 D = Other kills in this place as a percentage of other kills in the entire game.
 E = Experience gained in this place as a percentage of experience gained in the entire game.
 F = Experience gained in this place divided by the number of levels of this place that you have seen.
                   A       B       C       D       E      F
               +-------+-------+-------+-------+-------+----------------------
         Total | 100.0 | 100.0 |   N/A |   N/A | 100.0 |  72.2
       Dungeon | 100.0 | 100.0 |   N/A |   N/A | 100.0 |  72.2
               +-------+-------+-------+-------+-------+----------------------
